 Dungeon Crawl Stone Soup version 0.29-a0-923-g6e406bff71 (webtiles) character file.

Game seed: 10219008537026225002

25 Iscandelvey the Vexing (level 2, 21/21 HPs)
             Began as a Demonspawn Arcane Marksman on July 27, 2022.
             Quit the game on level 1 of the Dungeon.
             The game lasted 00:01:12 (679 turns).

Iscandelvey the Vexing (Demonspawn Arcane Marksman)  Turns: 679, Time: 00:01:13

Health: 21/21      AC:  2    Str: 10    XL:     2   Next: 82%
Magic:  4/4        EV: 12    Int: 16    God:
Gold:   32         SH:  0    Dex: 13    Spells: 2/3 levels left

rFire   . . .      SeeInvis .   a - +1 sling
rCold   . . .      Faith    .   (no shield)
rNeg    . . .      Spirit   .   c - +0 robe
rPois   .          Reflect  .   (no helmet)
rElec   .          Harm     .   (no cloak)
rCorr   .          Rampage  .   (no gloves)
Will    .....                   (no boots)
Stlth   +.........              (no amulet)
HPRegen 0.07/turn               (no ring)
MPRegen 0.09/turn               (no ring)

@: no status effects
A: big brain 1
a: no special abilities


You were on level 1 of the Dungeon.
You visited 1 branch of the dungeon, and saw 1 of its levels.

You collected 32 gold pieces.

Inventory:

Hand Weapons
 a - a +1 sling (weapon)
 d - a +2 dagger of draining
Armour
 c - a +0 robe (worn)
Scrolls
 b - 2 scrolls of vulnerability
 e - 2 scrolls of identify {unknown}
 f - a scroll of amnesia {unknown}
 g - a scroll of noise {unknown}
 h - a scroll of teleportation {unknown}
Potions
 i - a potion of resistance {unknown}
 j - a potion of haste {unknown}
 k - a potion of heal wounds {unknown}


   Skills:
 + Level 1.4 Fighting
 + Level 2.1 Ranged Weapons
 + Level 2.1 Dodging
 + Level 1.4 Spellcasting
 + Level 3.2 Hexes


You had 2 spell levels left.
You knew the following spells:

 Your Spells              Type           Power      Damage    Failure   Level
a - Slow                  Hex            44%        N/A       6%          1

Your spell library contained the following spells:

 Spells                   Type           Power      Damage    Failure   Level
 Inner Flame              Hex/Fire       6%         N/A       34%         3
 Portal Projectile        Hex/Tloc       12%        N/A       34%         3
 Cause Fear               Hex            5%         N/A       50%         4


Dungeon Overview and Level Annotations

Branches:
Dungeon (1/15)

Altars:


Innate Abilities, Weirdness & Mutations

You have an unusually large brain. (Int +2)


Message History

You shoot a sling bullet. The sling bullet hits the ball python.
The ball python hisses angrily.
The ball python is severely wounded.
A ball python is nearby!
You shoot a sling bullet.
The sling bullet closely misses the ball python.
A ball python is nearby!
You shoot a sling bullet. The sling bullet hits the ball python.
You kill the ball python!
Key pressed, stopping explore.
No target in view!
Things that are here:
a +0 leather armour; a +0 spear Key pressed, stopping explore.
No target in view!
A bat comes into view.
You shoot a sling bullet. The sling bullet hits the bat!
You kill the bat!
You open the door.
Key pressed, stopping explore.
No target in view!
There is an open door here.
Key pressed, stopping explore.
No target in view!
Key pressed, stopping explore.
No target in view!
Key pressed, stopping explore.
No target in view!
Done exploring.
No target in view!
Done exploring.
No target in view!
Done exploring.
No target in view!
Done exploring.
No target in view!
Done exploring.
Done exploring.
Done exploring.
Are you sure you want to abandon this character and quit the game? (Confirm with "yes".)

##.# #........# ##...##..
#..# #........# #..#.##..
#.##
#........##########.##'###+
#)#
#...................#...#..
#.#
#.†.................#...#≈.
#.#
###........###....#####...#≈.
#.# #...#...#)###..####
#...#≈. #.###.###.###.###.##
#...#≈. ......# #.# #.##@.#
#...#≈. ......# #.# #.##.##
#...#.. ......# #.###.#..#
#...... ####### #.#.....##
#...... #.....### #......
####.## #...... ###...#
#.....< #...### #...... #.###
#######


There were no monsters in sight!

Vanquished Creatures
  A dart slug (D:1)
  A ball python (D:1)
  5 bats (D:1)
  A giant cockroach (D:1)
  4 goblins (D:1)
  2 hobgoblins (D:1)
  A kobold (D:1)
  A quokka (D:1)
  2 frilled lizards (D:1)
  A rat (D:1)
19 creatures vanquished.

Notes
Turn   | Place    | Note
-------+----------+-------------------------------------------
     0 | D:1      | Iscandelvey the Demonspawn Arcane Marksman began the quest
                  | for the Orb.
     0 | D:1      | Reached XP level 1. HP: 15/15 MP: 2/2
   153 | D:1      | Gained mutation: You have an unusually large brain. (Int
                  | +2) [demonic ancestry]
   153 | D:1      | Reached XP level 2. HP: 20/21 MP: 3/3
   287 | D:1      | Found a faded altar of an unknown god.
   679 | D:1      | Quit the game

Illustrated notes

Levels and vault maps discovered:
D:1:      lightli_arrival_quake, layout_rooms, ebering_ecumenical_altar_webs

Skill      XL: |  1  2 |
---------------+-------+-----
Dodging        | 2 |  2.1
Ranged Weapons | 2 |  2.1
Fighting       | |  1.4
Spellcasting   | |  1.4
Hexes          | |  3.2

Action                   || total
-------------------------++-------
 Fire: Sling             ||    52
Armor: Robe              ||     4
Dodge: Dodged            ||    13

Table legend: (Time is in decaauts)
 A = Elapsed time spent in this place.
 B = Non-inter-level travel time spent in this place.
 C = Inter-level travel time spent in this place.
 D = Time resting spent in this place.
 E = Time spent auto-exploring this place.
 F = Levels seen in this place.
 G = Mean time per level.
                   A        B        C        D        E       F      G
               +--------+--------+--------+--------+--------+-----+--------+
         Total |    694 |    694 |      0 |      0 |    594 |   1 |  694.0 |
       Dungeon |    694 |    694 |      0 |      0 |    594 |   1 |  694.0 |
               +--------+--------+--------+--------+--------+-----+--------+

Top non-repeatable levels by time:
     D:1: 694 daAuts
